 Dungeon Crawl Stone Soup version 0.20-a0-613-g92415a4 (webtiles) character file.

4612 Firecrotchwizard the Destroyer (level 10, 0/55 HPs)
             Began as a Deep Elf Fire Elementalist on Feb 9, 2017.
             Was a Priest of Sif Muna.
             Killed from afar by Erica (22 damage)
             ... with an orb of energy
             ... on level 9 of the Dungeon.
             The game lasted 00:37:22 (10955 turns).

Firecrotchwizard the Destroyer (DEFE)              Turns: 10955, Time: 00:37:23

Health: 0/55       AC:  8    Str:  8    XL:     10   Next: 19%
Magic:  20/33      EV: 14    Int: 24    God:    Sif Muna [***...]
Gold:   593        SH:  5    Dex: 15    Spells: 11/26 levels left

rFire    + + .     SeeInvis .   k - +3 dagger (protect)
rCold    . . .     Gourm    .   a - +0 robe
rNeg     . . .     Faith    .   D - +0 buckler
rPois    .         Spirit   .   E - +1 hat
rElec    .         Reflect  .   O - scarf {rC+ rF+}
rCorr    .         Harm     .   r - +2 pair of gloves {Str+3}
MR       +....                  e - +1 pair of boots
Stlth    ++........             (no amulet)
Regen    0.2/turn               t - ring of fire
                                S - ring of magical power

@: lethally poisoned (0 -> -19)
A: no striking features
a: Divine Energy, Channel Magic, Renounce Religion


You were on level 9 of the Dungeon.
You worshipped Sif Muna.
Sif Muna was most pleased with you.
You were very hungry.

You visited 2 branches of the dungeon, and saw 10 of its levels.
You also visited: Sewer.

You collected 593 gold pieces.

Inventory:

Hand Weapons
 f - a +0 short sword
 k - a +3 dagger of protection (weapon)
Armour
 a - a +0 robe (worn)
 e - a +1 pair of boots (worn)
 r - a +2 pair of gloves of strength (worn)
 D - a +0 buckler (worn)
 E - a +1 hat (worn)
 O - a scarf of resistance (worn)
Jewellery
 i - an uncursed ring of protection from cold
 t - a ring of fire (right hand)
 S - a ring of magical power (left hand)
Wands
 l - a wand of flame (22/48)
 m - a wand of random effects (17/48)
 x - a wand of disintegration (11/24)
 B - a wand of confusion (47/48)
 G - a wand of polymorph (7/24)
 P - a wand of lightning (6/15)
 Q - a wand of iceblast (7/15)
 R - a wand of lightning (4/15)
 U - a wand of confusion (22/48)
Scrolls
 j - 4 scrolls of fog
 H - 3 scrolls of magic mapping
 I - 2 scrolls of recharging
 K - 2 scrolls of teleportation
 M - a scroll of blinking
 W - a scroll of enchant weapon
Potions
 d - 2 potions of lignification
 h - 4 potions of haste
 n - 2 potions of ambrosia
 p - 2 potions of resistance {unknown}
 q - a potion of mutation {unknown}
 s - a potion of curing {unknown}
 u - 3 potions of might
 v - 5 potions of heal wounds
 w - a potion of flight {unknown}
 z - a potion of brilliance {unknown}
 A - a potion of agility {unknown}
 F - 5 potions of magic
 J - a potion of invisibility {unknown}
 T - 2 potions of cancellation {unknown}
Books
 b - a book of Flames

   Spells                             Type                      Level
   a - Flame Tongue                   Conjuration/Fire             1
   b - Throw Flame                    Conjuration/Fire             2
   c - Conjure Flame                  Conjuration/Fire             3
   d - Inner Flame                    Hexes/Fire                   3
   e - Sticky Flame                   Conjuration/Fire             4
   f - Fireball                       Conjuration/Fire             5
 g - a Young Poisoner's Handbook

   Spells                             Type                      Level
   a - Sting                          Conjuration/Poison           1
   b - Poisonous Vapours              Poison/Air                   2
   c - Mephitic Cloud                 Conjuration/Poison/Air       3
   d - Olgreb's Toxic Radiance        Poison                       4
   e - Venom Bolt                     Conjuration/Poison           5
 o - a book of Frost

   Spells                             Type                      Level
   a - Freeze                         Ice                          1
   b - Throw Frost                    Conjuration/Ice              2
   c - Ozocubu's Armour               Charms/Ice                   3
   d - Throw Icicle                   Conjuration/Ice              4
   e - Summon Ice Beast               Ice/Summoning                4
Comestibles
 c - 4 bread rations
 V - a royal jelly


   Skills:
 + Level 2.8 Fighting
 + Level 4.2 Dodging
 - Level 2.4 Stealth
 - Level 4.6 Shields
 + Level 8.7 Spellcasting
 * Level 9.7 Conjurations
 + Level 8.2 Fire Magic
 + Level 1.5 Invocations


You had 11 spell levels left.
You knew the following spells:

 Your Spells              Type           Power        Failure   Level  Hunger
a - Flame Tongue          Conj/Fire      #####        1%          1    None
b - Conjure Flame         Conj/Fire      ######..     1%          3    None
c - Sticky Flame          Conj/Fire      ######..     1%          4    ##.....
d - Fireball              Conj/Fire      ######....   4%          5    ####...
e - Throw Frost           Conj/Ice       ####..       1%          2    None


Dungeon Overview and Level Annotations

Branches:
Dungeon (9/15)             Temple (1/1) D:4            Lair (0/6) D:9
    Orc: D:9-12

Altars:
Ashenzari
Cheibriados
Dithmenos
Elyvilon
Fedhas
Gozag
Hepliaklqana
Kikubaaqudgha
Makhleb
Nemelex Xobeh
Okawaru
Qazlal
Ru
Sif Muna
Trog
Uskayaw
Vehumet
Xom
Yredelemnul
The Shining One

Annotations:
D:8 exclusion: oklob plant
D:9 Erica


Message History

Press: ? - help, Shift-Dir - straight line You feel a surge of power!
The fireball explodes!
The fireball engulfs something.
You feel sick.
You feel sick.
You feel sick.
You hear some strange, mumbled words.
A bolt of poison appears from out of thin air!
The bolt of poison hits you!
You are more poisoned.
You feel sick.
Casting: Fireball
Confirm with . or Enter, or press ? or * to list all spells.
Aiming: Fireball
Press: ? - help, Shift-Dir - straight line You feel a surge of power!
The fireball explodes!
The fireball engulfs something.
You feel sick.
You hear some strange, mumbled words.
An orb of energy appears from out of thin air!
The orb of energy hits you!
You die...

### .. #. #.###### #......#
#....#.# .....##.#.###########
....#. #....@........########
.....#.####.#####.............
.... #.# #.#####.#.#.########
#.####.# #.......#.#.########
.??.... #.#######.#.##......
#†..# #.# #.#.##.##### .). #.#
#.#.##.# #†# #. #.#.##.# #.#
#.#.##.#


There were no monsters in sight!

Vanquished Creatures
  A hornet (D:7)
  A hippogriff (D:8)
  A wyvern (D:8)
  Eustachio (D:6)
  Grum (D:9)
  2 orc warriors
  A sky beast (D:5)
  2 ice beasts
  A black bear (D:7)
  A phantom (D:7)
  4 ogres
  3 centaurs
  2 wolves (D:9)
  A big kobold (D:7)
  Blork the orc (D:6)
  6 bullfrogs
  A scorpion (D:4)
  3 howler monkeys
  2 centaur zombies
  4 crimson imps
  Crazy Yiuf (D:6)
  A bullfrog skeleton (D:7)
  7 orc priests
  2 bullfrog zombies (D:5)
  4 hounds
  3 jellies
  2 centaur skeletons
  An iguana (D:4)
  10 orc wizards
  11 worker ants
  A hound skeleton (D:3)
  3 gnolls (D:3)
  12 adders
  5 river rats (Sewer)
  A shadow imp (D:6)
  An ooze (Sewer)
  2 adder zombies
  2 adder skeletons
  3 worms
  4 dart slugs
  5 leopard geckos
  39 orcs
  10 ball pythons
  8 giant cockroaches
  6 goblins
  7 hobgoblins
  8 jackals
  13 kobolds
  A quokka (D:8)
  4 bats (D:1)
  12 frilled lizards
  A jackal skeleton (D:7)
  A leopard gecko skeleton (D:4)
  A leopard gecko zombie (D:5)
  3 quokka skeletons
  A quokka zombie (D:7)
  30 rats
265 creatures vanquished.

Notes
Turn   | Place    | Note
-------+----------+-------------------------------------------
     0 | D:1      | Firecrotchwizard the Deep Elf Fire Elementalist began the quest for the Orb.
     0 | D:1      | Reached XP level 1. HP: 10/10 MP: 6/6
    75 | D:1      | Reached XP level 2. HP: 6/15 MP: 0/8
   430 | D:1      | Reached skill level 2 in Conjurations
   910 | D:1      | Reached XP level 3. HP: 19/19 MP: 7/10
   915 | D:1      | Learned a level 3 spell: Conjure Flame
  1430 | D:2      | Found a snail-covered altar of Cheibriados.
  1638 | D:2      | You fall through a shaft!
  1685 | D:3      | Noticed an ogre
  1694 | D:3      | Killed an ogre
  1694 | D:3      | Reached skill level 3 in Conjurations
  1694 | D:3      | Reached XP level 4. HP: 24/24 MP: 1/12
  1944 | D:3      | Reached XP level 5. HP: 28/28 MP: 8/13
  1986 | D:3      | Reached skill level 4 in Conjurations
  2278 | D:3      | Learned a level 4 spell: Sticky Flame
  2284 | D:3      | Learned a level 5 spell: Fireball
  2540 | D:3      | Reached XP level 6. HP: 32/32 MP: 10/15
  2750 | D:3      | Reached skill level 5 in Spellcasting
  3007 | D:4      | Reached skill level 5 in Conjurations
  3172 | D:4      | Reached skill level 5 in Fire Magic
  3409 | D:4      | Found an opulent altar of Gozag.
  3582 | D:4      | Got a steaming robe
  3662 | D:4      | Reached skill level 6 in Conjurations
  3662 | D:4      | Reached XP level 7. HP: 36/36 MP: 10/17
  3758 | D:4      | Found a staircase to the Ecumenical Temple.
  3788 | D:5      | Entered Level 5 of the Dungeon
  3879 | Temple   | Entered the Ecumenical Temple
  3965 | Temple   | Became a worshipper of Sif Muna the Loreminder
  4252 | D:5      | Reached skill level 1 in Shields
  4871 | D:5      | Found a glowing golden altar of the Shining One.
  5140 | D:5      | Learned a level 2 spell: Throw Frost
  5462 | D:5      | Reached XP level 8. HP: 41/41 MP: 16/19
  5626 | D:6      | Reached skill level 7 in Conjurations
  5962 | D:6      | Found a glowing drain.
  5980 | Sewer    | Entered a sewer
  6086 | Sewer    | Reached * piety under Sif Muna
  6611 | D:6      | Reached ** piety under Sif Muna
  6631 | D:6      | Noticed Blork the orc
  6640 | D:6      | Killed Blork the orc
  6874 | D:6      | Reached skill level 8 in Conjurations
  6874 | D:6      | Reached XP level 9. HP: 37/45 MP: 10/21
  7028 | D:6      | Noticed Eustachio
  7031 | D:6      | Killed Eustachio
  7148 | D:6      | Found a runed door.
  7172 | D:6      | Noticed Crazy Yiuf
  7176 | D:6      | Killed Crazy Yiuf
  7737 | D:7      | Reached skill level 1 in Fighting
  7774 | D:7      | Paralysed by a hornet for 1 turns
  8155 | D:7      | Found a burning altar of Makhleb.
  9072 | D:8      | Found a hazy altar of Hepliaklqana.
  9079 | D:8      | Noticed an oklob plant
  9121 | D:8      | Reached skill level 9 in Conjurations
  9645 | D:8      | Identified the +0 robe of Jaunlea {rF+ Str+6 Int-5} (You found it on level 4 of the Dungeon)
  9720 | D:8      | Found a shadowy altar of Dithmenos.
  9770 | D:8      | Reached *** piety under Sif Muna
 10152 | D:8      | Reached XP level 10. HP: 54/54 MP: 24/24
 10507 | D:9      | Found a radiant altar of Vehumet.
 10600 | D:9      | Found a staircase to the Lair.
 10657 | D:9      | Noticed Grum
 10663 | D:9      | Reached skill level 1 in Invocations
 10664 | D:9      | Killed Grum
 10769 | D:9      | Noticed Erica
 10955 | D:9      | Killed from afar by Erica

Vault maps used:
D:1:      lemuel_arrival_behind_the_door_small
D:2:      kennysheep_slug_shrine, first_bread
D:4:      nicolae_gozag_seed_capital, minmay_temple_entry_fiery
D:5:      tso_oasis_becter
D:6:      kennysheep_big_flooded_room, portal_sewer_entry_f,
          roderic_serpentine_path, uniq_eustachio, uniq_crazy_yiuf_cottage,
          uniq_blork_the_orc
D:7:      lemuel_round_altar
D:8:      nicolae_dithmenos_through_a_glass_darkly, lemuel_oklob_altar
D:9:      minmay_shrinking_squares, old_standard_altar, vehumet_altar_wand_db,
          dpeg_oklobed_lair, orc_0_dummy, uniq_erica, uniq_grum
Temple:   nicolae_temple_great_sept
Sewer:    sewer_minmay_w

Skill      XL: |  1  2  3  4  5  6  7  8  9 10 |
---------------+-------------------------------+-----
Conjurations   | 2 3 4 6 8 9 |  9.7
Spellcasting   | 4 5 6 7 8 |  8.7
Fire Magic     | 4 5 6 8 |  8.2
Shields        | 2 4 |  4.6
Fighting       | 2 |  2.8
Dodging        | 4 |  4.2
Invocations    | 1 |  1.5
Stealth        | |  2.4

Action                   |  1- 3 |  4- 6 |  7- 9 | 10-12 || total
-------------------------+-------+-------+-------+-------++-------
Melee: Unarmed           |     9 |       |       |       ||     9
       Short sword       |     2 |       |       |       ||     2
       Dagger            |       |       |   188 |       ||   188
 Cast: Flame Tongue      |    54 |   105 |   235 |    40 ||   434
       Conjure Flame     |     1 |     2 |     1 |       ||     4
       Sticky Flame      |       |     5 |    23 |     4 ||    32
       Throw Frost       |       |       |    18 |       ||    18
       Fireball          |       |       |    21 |     8 ||    29
  Use: Scroll            |       |     9 |     5 |     5 ||    19
       Potion            |       |       |     1 |       ||     1
  Eat: Chunk             |     2 |     5 |    13 |     1 ||    21
       Fruit             |       |     2 |     2 |       ||     4
       Royal jelly       |       |       |     5 |       ||     5
       Meat ration       |       |       |     1 |       ||     1
Armor: Robe              |     6 |     1 |    81 |     1 ||    89
Dodge: Dodged            |    17 |     5 |   167 |     7 ||   196
Block: Buckler           |       |       |     3 |     5 ||     8
